 Dungeon Crawl Stone Soup version 0.23.2-40-g277498a001 (webtiles) character file.

Game seed: 11451126395307647337

1554 Descartes the Fighter (level 8, -1/51 HPs)
             Began as a Vine Stalker Warper on Sept 15, 2019.
             Was an Initiate of Dithmenos.
             Killed by divine providence
             ... invoked by an orc priest
              (8 damage)
             ... on level 6 of the Dungeon.
             The game lasted 00:10:22 (4282 turns).

Descartes the Fighter (Vine Stalker Warper)         Turns: 4282, Time: 00:10:23

Health: -1/51      AC:  5    Str: 13    XL:     8   Next: 88%
Magic:  0/13       EV: 18    Int: 13    God:    Dithmenos [......]
Gold:   249        SH:  0    Dex: 17    Spells: 9/13 levels left

rFire    . . .     SeeInvis .   T - +5 spear "Fabb" {drain, Stlth+}
rCold    . . .     Gourm    .   (no shield)
rNeg     . . .     Faith    .   b - +0 leather armour
rPois    .         Spirit   +   a - +0 helmet
rElec    .         Reflect  .   I - scarf {cloud immunity}
rCorr    .         Harm     .   g - +0 pair of gloves
MR       +....                  (no boots)
Stlth    ++++......             (no amulet)
HPRegen  0.57/turn              E - +6 ring of evasion
MPRegen  0.13/turn              (no ring)

@: heavily drained
A: fangs 3, regeneration 1, magic shield, antimagic bite, no potion heal 3, rot
immunity
a: Renounce Religion


You were on level 6 of the Dungeon.
You worshipped Dithmenos.
Dithmenos was noncommittal.
You were not hungry.

You visited 1 branch of the dungeon, and saw 6 of its levels.

You collected 249 gold pieces.

Inventory:

Hand Weapons
 m - a +1 falchion of slicing
 u - a +0 long sword
 x - a +0 war axe of chopping
 C - a +0 blowgun
 O - a +4 falchion
 P - a +2 dire flail of crushing
 Q - a +0 hunting sling
 R - a +1 falchion of holy wrath
 T - the +5 spear "Fabb" (weapon) {drain, Stlth+}
   (You found it on level 6 of the Dungeon)

   A truly terrible weapon, it drains the life of those it strikes.
   It makes you more stealthy.
Missiles
 c - 240 stones
 e - 5 tomahawks of dispersal (quivered)
 s - 35 arrows
 t - 15 sling bullets
 A - 6 tomahawks
 D - 20 poisoned needles
 M - 30 bolts
Armour
 a - a +0 helmet (worn)
 b - a +0 leather armour (worn)
 g - a +0 pair of gloves (worn)
 I - a scarf of cloud immunity (worn)
Jewellery
 E - a +6 ring of evasion (left hand)
Wands
 o - a wand of disintegration (15)
 B - a wand of acid (7)
 S - a wand of flame (11)
Scrolls
 d - 5 scrolls of blinking
 h - a scroll of magic mapping {unknown}
 j - a scroll of fog {unknown}
 n - 2 scrolls of teleportation {unknown}
 q - a scroll of fear {unknown}
 r - 4 scrolls of immolation {unknown}
 y - a scroll of enchant weapon {unknown}
 F - 5 scrolls of identify
 H - 3 scrolls of remove curse {unknown}
 L - a scroll of amnesia {unknown}
Potions
 i - a potion of experience
 k - a potion of resistance
 l - 2 potions of might
 p - 3 potions of curing
 v - 3 potions of lignification {unknown}
 w - a potion of haste {unknown}
 z - 2 potions of brilliance {unknown}
 G - a potion of agility {unknown}
 J - 2 potions of ambrosia {unknown}
 N - a potion of degeneration {unknown}
Comestibles
 f - 10 rations
 K - 4 chunks of flesh


   Skills:
 + Level 10.9(8.9) Fighting
 + Level 3.3(1.8) Long Blades
 - Level 0.8(0.0) Throwing
 + Level 2.6(1.1) Armour
 + Level 3.1(1.5) Dodging
 * Level 6.0(4.3) Stealth
 + Level 0.5(0.0) Unarmed Combat
 + Level 3.1(1.5) Spellcasting
 - Level 3.0(1.4) Translocations


You had 9 spell levels left.
You knew the following spells:

 Your Spells              Type           Power        Failure   Level  Hunger
a - Shroud of Golubria    Chrm/Tloc      #.........   36%         2    ###....
b - Blink                 Tloc           N/A          28%         2    ###....

Your spell library contained the following spells:

 Spells                   Type           Power        Failure   Level  Hunger
 Freeze                   Ice            #...         34%         1    ##.....
 Throw Frost              Conj/Ice       #.....       45%         2    ###....
 Gell's Gravitas          Tloc           #.........   50%         3    ####...
 Lesser Beckoning         Tloc           #.........   50%         3    ####...
 Teleport Other           Tloc           #.......     50%         3    ####...
 Ozocubu's Armour         Chrm/Ice       #.......     71%         3    ####...
 Passage of Golubria      Tloc           N/A          88%         4    #####..
 Summon Ice Beast         Ice/Summ       #.......     98%         4    #####..
 Throw Icicle             Conj/Ice       #.......     98%         4    #####..


Dungeon Overview and Level Annotations

Branches:
Dungeon (6/15)
 Temple: D:4-7

Altars:
Cheibriados
Dithmenos


Innate Abilities, Weirdness & Mutations

You have razor-sharp teeth.
Your natural rate of healing is unusually fast.
When hurt, damage is shared between your health and your magic reserves.
Your bite disrupts and absorbs the magic of your enemies.
Potions cannot restore your health.
You are immune to rotting.


Message History

You swing at nothing.
The orc warrior throws a tomahawk.
The tomahawk closely misses you.
You hit the orc priest. You drain the orc priest.
The orc priest is heavily wounded.
You barely miss the orc warrior.
The orc warrior is moderately wounded.
The orc warrior hits you with a +0 battleaxe!
* * * LOW HITPOINT WARNING * * *
You hit the orc warrior.
The orc warrior is heavily wounded.
You hit the orc warrior. You drain the orc warrior.
The orc warrior is almost dead.
The orc warrior hits you with a +0 battleaxe!
* * * LOW HITPOINT WARNING * * *
You closely miss the orc warrior. Your bite misses the orc warrior.
The orc warrior is almost dead.
The orc warrior completely misses you.
The orc priest calls down the wrath of Beogh upon you.
Beogh smites you!
You die...

.)......##### .#
........#
........#######.
.#####.<........
####'####### ##
#.......# .# #.##
#.⌠...⌠.# .#
....)#.......#####.###
#.'...⌠.(('..@oo..#
#[.#.......#..##.#.#
#.##.⌠...⌠.##.# .# #.
#.......#.....# #
####+#####.#### ..#
###


You could see an orc warrior and an orc priest.

Vanquished Creatures
  Grinder (D:3)
  Sigmund (D:3)
  Eustachio (D:5)
  Edmund (D:5)
  A phantom (D:4)
  2 ogres
  2 crimson imps (D:5)
  An orc wizard (D:5)
  3 orc priests
  A centaur skeleton (D:4)
  2 bullfrog skeletons (D:5)
  Jessica (D:3)
  An iguana (D:3)
  3 worker ants
  A hound skeleton (D:4)
  8 adders
  3 gnolls (D:3)
  A shadow imp (D:5)
  An ooze (D:2)
  5 worms
  A leopard gecko (D:3)
  14 orcs
  4 giant cockroaches
  6 goblins
  8 hobgoblins
  6 jackals
  4 quokkas
  A ball python (D:1)
  8 bats
  7 frilled lizards
  8 kobolds
  A leopard gecko skeleton (D:4)
  5 rats
113 creatures vanquished.

Notes
Turn   | Place    | Note
-------+----------+-------------------------------------------
     0 | D:1      | Descartes the Vine Stalker Warper began the quest for the
                  | Orb.
     0 | D:1      | Reached XP level 1. HP: 11/11 MP: 4/4
   133 | D:1      | Reached skill level 1 in Armour
   133 | D:1      | Reached skill level 1 in Stealth
   133 | D:1      | Reached XP level 2. HP: 6/15 MP: 6/6
   138 | D:1      | Reached skill level 2 in Fighting
   510 | D:1      | Reached XP level 3. HP: 14/18 MP: 5/7
   662 | D:1      | Found a snail-covered altar of Cheibriados.
   957 | D:2      | Gained mutation: Your natural rate of healing is unusually
                  | fast. [Vine Stalker growth]
   957 | D:2      | Reached XP level 4. HP: 21/23 MP: 8/8
   978 | D:2      | HP: 1/23 [poisoned by an adder]
   983 | D:2      | HP: 1/23 [poisoned by an adder]
   987 | D:2      | Reached skill level 10 in Fighting
   987 | D:2      | Reached XP level 5. HP: 2/37 MP: 7/9
  1719 | D:3      | Noticed Sigmund
  1733 | D:3      | Killed Sigmund
  1733 | D:3      | Reached XP level 6. HP: 42/42 MP: 10/10
  1738 | D:3      | Learned a level 2 spell: Shroud of Golubria
  1741 | D:3      | Learned a level 2 spell: Blink
  2029 | D:3      | Noticed Jessica
  2035 | D:3      | Killed Jessica
  2035 | D:3      | Reached XP level 7. HP: 46/46 MP: 11/11
  2057 | D:3      | Noticed Grinder
  2075 | D:3      | Killed Grinder
  2830 | D:4      | Gained mutation: You have razor-sharp teeth. [Vine Stalker
                  | growth]
  2830 | D:4      | Reached XP level 8. HP: 49/51 MP: 10/12
  3150 | D:5      | Entered Level 5 of the Dungeon
  3154 | D:5      | Reached skill level 5 in Stealth
  3162 | D:5      | Noticed Eustachio
  3501 | D:5      | Noticed Edmund
  3515 | D:5      | Killed Edmund
  3735 | D:5      | Found a shadowy altar of Dithmenos.
  3742 | D:5      | Became a worshipper of Dithmenos the Shadowed
  4069 | D:5      | Killed Eustachio
  4261 | D:6      | Got a blackened spear
  4262 | D:6      | Identified the +5 spear "Fabb" {drain, Stlth+} (You found
                  | it on level 6 of the Dungeon)
  4282 | D:6      | Killed from afar by an orc priest

Skill      XL: |  1  2  3  4  5  6  7  8 |
---------------+-------------------------+-----
Armour         | 1 2 |  2.6
Stealth        | 1 2 3 4 6 |  6.0
Fighting       | 2 10 | 10.9
Long Blades    | 2 3 |  3.3
Dodging        | 2 3 |  3.1
Spellcasting   | 3 |  3.1
Throwing       | |  0.8
Unarmed Combat | |  0.5
Translocations | |  3.0

Action                   |  1- 3 |  4- 6 |  7- 9 || total
-------------------------+-------+-------+-------++-------
Melee: Falchion          |    87 |       |       ||    87
       Bite              |    27 |    17 |    47 ||    91
       Long sword        |     4 |    23 |       ||    27
       War axe           |       |    58 |   124 ||   182
       Dire flail        |       |       |    36 ||    36
       Spear             |       |       |    10 ||    10
  Use: Potion            |       |     1 |     1 ||     2
       Scroll            |       |     3 |       ||     3
 Stab: Sleeping          |       |     6 |     8 ||    14
       Distracted        |       |       |     1 ||     1
  Eat: Chunk             |       |     4 |     7 ||    11
Armor: Leather armour    |    29 |    17 |    31 ||    77
Dodge: Dodged            |    83 |    46 |   200 ||   329
       Rpst.: Falchion   |    28 |       |       ||    28
       Long sword        |     3 |     4 |       ||     7
